Map: [ESL] Altitude

Players

Spirit - Winner!

  • Race: Terran Terran
  • Spawn Location: 7:00

HeroMarine

  • Race: Terran Terran
  • Spawn Location: 1:00

Event: ESL SC2 Masters 2023 Summer (Regionals)

VOD

Have the link to the VOD?

Description

Time

  • Played on: May 18, 2023, 9:51 a.m.
  • Length: 21:06

All games in this series

Show
View Real Time Build Order
Export as new Build Order

Spirit Terran - Winner!

Build Orders: Reaper Expand 

Get SALT Encoding   

  12  0:00  SCV  
  13  0:12  SCV  
  14  0:17  Supply Depot  
  14  0:24  SCV  
  15  0:39  SCV  
  15  0:41  Barracks  
  16  0:46  Refinery  
  16  0:51  SCV  
  17  1:03  SCV  
  18  1:15  SCV  
  19  1:28  Orbital Command  
  19  1:29  Reaper  
  20  1:41  Command Center  
  20  1:54  SCV, Supply Depot  
  21  2:00  Marine  
  22  2:06  SCV  
  23  2:09  Factory  
  23  2:14  Refinery  
  23  2:18  SCV  
  24  2:23  Barracks Reactor  
  24  2:26  Bunker  
  24  2:30  SCV  
  25  2:42  SCV  
  26  2:53  Hellion, Starport  
  26  2:57  SCV  
  29  2:59  Orbital Command  
  29  3:01  Marine  
  29  3:04  Marine  
  31  3:09  SCV  
  31  3:12  Refinery  
  32  3:14  Factory Tech Lab  
  32  3:18  Marine  
  33  3:22  Marine, SCV  
  33  3:24  SCV  
  36  3:30  Starport Tech Lab  
  36  3:34  SCV, Cyclone  
  36  3:37  SCV  
  41  3:44  Supply Depot  
  41  3:46  SCV  
  42  3:49  Raven, SCV  
  45  3:58  SCV  
  46  4:06  SCV  
  46  4:07  Siege Tank  
  46  4:09  Marine x2  
  51  4:10  SCV, Supply Depot  
  53  4:18  SCV  
  54  4:31  Raven, SCV x2  
  54  4:32  Supply Depot  
  54  4:34  Command Center  
  58  4:43  SCV x2  
  60  4:45  Factory Reactor  
  60  4:47  Stimpack, Marine  
  61  4:55  SCV  
  61  4:58  SCV  
  61  4:59  Barracks  
  62  5:00  Barracks  
  62  5:03  Supply Depot  
  62  5:06  Raven  
  64  5:08  SCV  
  64  5:10  SCV  
  64  5:13  Engineering Bay  
  66  5:16  Engineering Bay  
  66  5:18  Refinery  
  66  5:19  Marine  
  67  5:22  SCV  
  67  5:24  SCV  
  69  5:30  Supply Depot  
  69  5:34  SCV, Supply Depot  
  70  5:36  SCV  
  70  5:37  Marine  
  70  5:40  Terran Infantry Weapons Level 1  
  72  5:44  Terran Infantry Armor Level 1  
  72  5:46  SCV, Starport Reactor  
  72  5:49  Orbital Command  
  73  5:50  Marine x2  
  73  5:53  SCV  
  73  5:55  Marine x2  
  73  5:56  Marine  
  79  6:00  Siege Tank  
  79  6:03  SCV  
  83  6:07  SCV  
  83  6:08  Marine x2  
  83  6:11  Orbital Command  
  86  6:13  Marine  
  86  6:15  SCV  
  88  6:21  Supply Depot  
  88  6:22  Supply Depot  
  88  6:23  Medivac x2  
  88  6:24  Marine x2  
  94  6:26  SCV, Combat Shield  
  94  6:27  SCV  
  94  6:32  Siege Tank  
  99  6:33  Marine  
  99  6:34  Marine x2  
  99  6:37  SCV  
  99  6:38  SCV  
  105  6:40  SCV  
  105  6:42  Marine  
  105  6:43  Marine, Supply Depot  
  107  6:50  SCV  
  107  6:51  Supply Depot  
  107  6:52  SCV  
  109  6:55  Armory  
  109  6:56  Barracks, Marine  
  109  6:58  Barracks  
  109  6:59  Medivac  
  109  7:00  SCV  
  109  7:01  Medivac  
  115  7:04  Siege Tank  
  115  7:05  Marine  
  119  7:11  SCV  
  119  7:12  Refinery  
  119  7:13  Refinery  
  119  7:14  SCV  
  119  7:15  SCV, Sensor Tower, Marine  
  121  7:17  Marine  
  121  7:20  Marine x2  
  126  7:25  Supply Depot x2  
  126  7:27  SCV  
  126  7:28  Marine  
  128  7:33  Marine  
  128  7:34  Viking  
  128  7:35  Marine  
  132  7:38  Marine x2, Viking  
  132  7:43  Terran Infantry Weapons Level 2  
  136  7:45  Marine  
  136  7:46  Barracks Reactor  
  136  7:48  SCV, Barracks Reactor  
  138  7:51  Marine  
  138  7:52  SCV  
  138  7:53  Marine, SCV  
  138  7:54  Terran Infantry Armor Level 2  
  138  7:56  Marine x2  
  141  8:01  SCV  
  141  8:03  Marine  
  138  8:07  Siege Tank  
  138  8:09  Marine  
  138  8:11  Marine  
  139  8:13  Marine  
  139  8:14  Marine  
  139  8:15  Viking x2  
  145  8:21  Marine  
  145  8:23  Marine  
  147  8:27  Marine x3  
  147  8:30  Marine  
  147  8:31  Marine  
  152  8:35  Command Center  
  152  8:37  Marine x2  
  154  8:42  SCV x2  
  154  8:46  Viking, Terran Vehicle Weapons Level 1  
  154  8:47  Siege Tank, Supply Depot  
  161  8:48  Supply Depot  
  161  8:51  Marine, SCV  
  161  8:53  Marine  
  161  8:54  SCV  
  165  9:00  Marine  
  165  9:01  Factory  
  165  9:07  Marine  
  165  9:08  Marine x3  
  165  9:09  SCV  
  166  9:10  Marine  
  166  9:11  SCV  
  166  9:14  SCV, Refinery x2  
  166  9:16  Marine  
  166  9:17  Marine  
  156  9:20  Marine  
  156  9:21  SCV, Marine  
  156  9:23  SCV  
  158  9:26  SCV  
  158  9:28  Marine x2  
  161  9:33  SCV  
  161  9:35  SCV, Marine  
  161  9:38  SCV  
  165  9:39  Marine  
  165  9:45  SCV  
  164  9:47  SCV  
  164  9:48  Planetary Fortress  
  164  9:50  SCV  
  164  9:51  Marine x2  
  168  9:54  Factory Tech Lab  
  168  9:57  SCV  
  168  9:59  SCV  
  170  10:00  Viking  
  170  10:02  SCV  
  170  10:06  Viking  
  175  10:09  SCV  
  175  10:12  SCV  
  175  10:13  Marine x8  
  172  10:14  SCV  
  172  10:15  Marine  
  144  10:21  SCV  
  144  10:24  SCV  
  144  10:25  Siege Tank  
  144  10:26  SCV  
  127  10:30  SCV  
  127  10:31  Marine x8  
  127  10:33  Marine  
  127  10:34  SCV  
  137  10:36  SCV  
  137  10:38  SCV  
  137  10:42  SCV  
  140  10:46  SCV  
  140  10:48  SCV  
  140  10:49  Marine x8  
  152  10:51  Marine, SCV  
  146  10:57  Siege Tank  
  146  11:02  Liberator  
  146  11:03  Liberator  
  147  11:06  Marine  
  147  11:07  Marine x6  
  147  11:10  Terran Infantry Weapons Level 3, Marine, Starport  
  152  11:12  Starport  
  152  11:15  Siege Tank  
  152  11:17  Terran Vehicle Weapons Level 2, Terran Infantry Armor Level 3  
  154  11:28  Command Center  
  154  11:30  Marine x6  
  154  11:31  Armory  
  157  11:33  Marine x3  
  160  11:44  Missile Turret x2  
  160  11:47  Marine  
  160  11:51  Starport Reactor  
  160  11:52  Marine, Starport Reactor, Command Center  
  160  12:02  Viking  
  160  12:03  Marine  
  162  12:09  Medivac  
  162  12:10  Siege Tank  
  162  12:11  Marine x6  
  162  12:12  Marine  
  162  12:13  Marine  
  173  12:21  Marine, Terran Vehicle And Ship Armor Level 1  
  172  12:32  Medivac  
  171  12:40  Marine, Viking x2  
  171  12:41  Marine x8  
  184  12:51  Siege Tank  
  146  12:53  Liberator x3  
  147  12:58  Marine x5  
  147  12:59  Marine x4  
  147  13:02  Liberator, SCV x2  
  147  13:03  SCV  
  163  13:11  Medivac  
  158  13:14  SCV x2  
  158  13:15  SCV  
  158  13:16  Marine x5  
  158  13:17  Marine x2  
  158  13:19  Viking  
  169  13:21  Fusion Core  
  169  13:26  SCV x2  
  171  13:27  SCV  
  172  13:38  SCV  
  172  13:39  SCV  
  172  13:40  SCV  
  172  13:42  Siege Tank  
  172  13:45  Viking x3  
  181  13:50  SCV  
  181  13:53  Siege Tank  
  181  13:54  Orbital Command  
  181  13:55  Marine x6  
  184  14:01  Marine  
  184  14:02  Marine  
  183  14:03  Marine  
  173  14:10  Advanced Ballistics  
  173  14:12  SCV  
  166  14:33  SCV x2, Sensor Tower  
  166  14:42  SCV  
  166  14:43  Marine  
  157  14:48  Marine x3  
  157  14:50  Marine x5  
  140  15:00  Marine  
  140  15:03  Viking  
  140  15:05  Marine  
  143  15:09  Liberator  
  141  15:16  Refinery  
  141  15:18  Marine  
  141  15:19  Marine x3  
  145  15:23  Marine x5  
  150  15:36  Marine x4  
  150  15:41  Marine x2  
  156  15:45  Marine  
  156  15:47  Marine  
  156  15:48  Marine  
  159  15:54  Marine x3  
  159  16:04  Marine x2  
  159  16:11  Marine  
  161  16:14  Marine  
  147  16:19  Marine x3  
  147  16:20  Marine  
  147  16:21  Marine  
  147  16:22  Marine  
  147  16:24  Marine  
  143  16:33  Marine x2  
  143  16:36  Marine  
  143  16:37  Marine  
  147  16:42  Medivac  
  147  16:43  Marine  
  147  16:46  Marine  
  139  16:55  Marine  
  133  17:05  Liberator x2  
  133  17:06  Marine  
  133  17:07  Marine  
  136  17:10  Marine  
  136  17:14  Marine  
  121  17:24  Marine  
  121  17:25  Marine  
  121  17:28  Marine x2  
  112  17:30  Medivac  
  112  17:32  Marine  
  112  17:34  Siege Tank  
  112  17:35  Marine  
  118  17:37  Marine  
  118  17:41  Marine  
  118  17:42  Marine  
  121  17:47  Marine  
  121  17:50  Medivac  
  124  17:54  Marine  
  106  17:58  Marine  
  106  17:59  Marine x4  
  106  18:03  Marine  
  101  18:08  Liberator  
  101  18:09  Marine  
  105  18:13  Marine  
  105  18:16  Marine x3  
  105  18:19  Marine  
  110  18:24  Marine x2  
  110  18:26  Marine  
  111  18:31  Marine  
  112  18:36  Siege Tank  
  112  18:38  Marine x2  
  116  18:42  Siege Tank  
  116  18:46  Marine  
  116  18:48  Marine  
  120  18:50  Marine x2  
  124  18:56  Orbital Command  
  128  19:09  Viking x2  
  130  19:11  Viking  
  129  19:20  Viking  
  129  19:23  Marine x3  
  134  19:27  Marine  
  140  19:42  Viking  
  144  19:48  Viking  
  144  19:49  Viking x2  
  144  19:50  Marine x3  
  144  19:52  Marine x2  
  148  19:54  Marine  
  148  19:56  Marine  
  148  19:59  Marine x2  
  151  20:11  Viking x2  
  155  20:17  Marine x4  
  129  20:23  Viking  
  129  20:26  Viking  
  129  20:29  Marine  
  129  20:32  Marine x2  
  129  20:35  Marine  
  132  20:37  Marine  
  132  20:42  Marine  
  132  20:44  Marine x2  
Show
View Real Time Build Order
Export as new Build Order

HeroMarine Terran 

Build Orders: Gas First Reaper Expand 

Get SALT Encoding   

  12  0:00  SCV  
  13  0:12  SCV  
  14  0:17  Supply Depot  
  14  0:24  SCV  
  15  0:29  Refinery  
  15  0:38  SCV  
  16  0:45  Barracks  
  16  0:50  SCV  
  17  1:03  SCV  
  18  1:15  SCV  
  19  1:31  Orbital Command, Reaper  
  20  1:44  Command Center  
  20  1:54  Factory  
  20  1:58  SCV  
  21  2:06  Supply Depot  
  21  2:07  Barracks Reactor  
  21  2:12  SCV  
  22  2:16  Refinery  
  22  2:24  SCV  
  23  2:36  SCV  
  24  2:42  Starport  
  24  2:47  Hellion x2  
  24  2:48  SCV  
  29  2:53  Barracks Tech Lab  
  29  2:58  Orbital Command  
  29  3:01  SCV  
  30  3:13  SCV  
  30  3:19  Refinery  
  31  3:20  Factory Tech Lab  
  31  3:24  SCV  
  31  3:25  SCV  
  31  3:26  Raven  
  35  3:35  Supply Depot  
  35  3:36  SCV  
  35  3:37  SCV  
  35  3:39  Cyclone  
  40  3:48  SCV  
  40  3:49  SCV  
  42  3:57  Command Center  
  42  4:00  Raven  
  44  4:04  SCV  
  44  4:05  SCV  
  46  4:10  Supply Depot  
  46  4:14  Siege Tank  
  46  4:16  SCV  
  50  4:17  SCV  
  50  4:20  Marine  
  50  4:21  Marine  
  53  4:28  SCV  
  54  4:31  SCV  
  54  4:32  Supply Depot  
  54  4:35  Raven  
  54  4:37  Refinery  
  57  4:38  Marine  
  57  4:39  Marine  
  57  4:41  SCV  
  57  4:44  SCV  
  60  4:53  SCV  
  60  4:56  SCV, Siege Tank, Marine  
  60  4:57  Marine  
  67  5:06  SCV  
  68  5:08  SCV  
  68  5:10  Barracks  
  68  5:11  Barracks  
  69  5:14  Orbital Command  
  69  5:18  SCV  
  69  5:20  SCV  
  71  5:24  Stimpack  
  71  5:26  Viking  
  71  5:27  Viking  
  75  5:31  Siege Tank  
  75  5:32  SCV  
  75  5:35  SCV  
  80  5:38  Orbital Command  
  80  5:45  SCV  
  80  5:47  Engineering Bay x2, SCV  
  80  5:49  Supply Depot  
  83  5:57  SCV  
  83  5:59  SCV  
  83  6:00  Barracks Reactor x2  
  84  6:04  SCV  
  84  6:07  Supply Depot  
  84  6:09  SCV  
  84  6:11  SCV, Viking x2, Siege Tank  
  91  6:16  Supply Depot  
  91  6:17  SCV  
  93  6:20  Terran Infantry Weapons Level 1, Terran Infantry Armor Level 1  
  93  6:21  Supply Depot  
  93  6:28  Supply Depot  
  93  6:29  SCV x3  
  93  6:30  Marine  
  97  6:40  Refinery  
  97  6:41  SCV x3, Refinery, Supply Depot  
  97  6:46  Barracks x2, Siege Tank  
  103  6:53  SCV x3  
  106  6:54  Medivac x2  
  106  6:55  Marine  
  111  7:03  Combat Shield  
  111  7:05  Marine x4, SCV x3  
  118  7:09  Supply Depot  
  118  7:13  Marine  
  119  7:15  Sensor Tower  
  119  7:21  Command Center  
  119  7:23  SCV x3  
  119  7:26  Viking x2  
  126  7:30  Marine  
  126  7:33  Siege Tank  
  126  7:35  Marine x2  
  126  7:36  Marine  
  133  7:38  Barracks Reactor x2  
  133  7:41  Marine  
  133  7:42  Armory  
  134  7:46  SCV x2  
  134  7:47  SCV  
  134  7:48  Marine  
  135  7:52  Marine x2  
  135  7:54  Marine  
  135  7:56  Viking  
  135  7:57  Missile Turret  
  140  7:59  Marine, Supply Depot  
  140  8:00  Missile Turret  
  140  8:03  Missile Turret  
  139  8:06  Marine  
  139  8:10  Marine  
  141  8:17  Supply Depot  
  141  8:19  Supply Depot  
  141  8:20  Supply Depot  
  141  8:21  Marine, Medivac, Siege Tank  
  141  8:23  Marine  
  141  8:24  Marine  
  141  8:25  Supply Depot x2  
  149  8:32  Marine x2, Medivac  
  149  8:33  SCV x3  
  149  8:34  Terran Infantry Weapons Level 2  
  156  8:37  Terran Infantry Armor Level 2  
  156  8:40  Terran Vehicle Weapons Level 1  
  156  8:51  SCV x3  
  156  8:53  Marine  
  156  8:54  Marine x5  
  165  8:57  Siege Tank  
  165  8:58  Marine  
  165  9:02  Marine x2  
  170  9:11  Marine x3  
  170  9:12  Marine x3  
  170  9:16  Marine  
  169  9:17  SCV x3  
  169  9:20  Marine x2  
  167  9:27  Viking  
  167  9:28  Viking  
  167  9:29  Marine x3  
  167  9:30  Marine x3  
  177  9:32  Factory  
  177  9:33  Marine  
  177  9:38  Marine  
  177  9:40  Sensor Tower  
  177  9:42  Planetary Fortress  
  176  9:47  Marine x3  
  176  9:51  Marine x3  
  176  9:52  Missile Turret, Supply Depot  
  181  9:53  Missile Turret  
  181  9:54  Siege Tank  
  181  9:57  Viking  
  181  9:58  Viking  
  187  10:00  Barracks Reactor  
  187  10:12  Marine  
  187  10:13  Marine x4  
  184  10:18  Marine  
  184  10:19  Marine x2  
  147  10:26  Siege Tank  
  134  10:30  Marine x2  
  134  10:31  Liberator x2, Marine x3  
  135  10:36  Marine x2  
  135  10:37  Marine  
  138  10:48  Marine x3  
  138  10:49  Marine x2  
  143  10:53  Marine x2  
  143  10:54  Marine x2  
  143  10:55  Marine  
  140  10:57  Siege Tank  
  140  10:58  Siege Tank  
  124  11:06  Marine x5  
  124  11:10  Barracks, Terran Infantry Weapons Level 3  
  129  11:11  Marine x2  
  129  11:12  Barracks, Marine x2  
  129  11:13  Marine  
  129  11:14  Terran Infantry Armor Level 3, Medivac x2  
  138  11:24  Marine x5  
  143  11:28  Sensor Tower  
  143  11:29  Marine x2  
  143  11:30  Marine x2, Siege Tank x2  
  143  11:31  Marine  
  143  11:32  Terran Vehicle Weapons Level 2  
  154  11:38  SCV  
  155  11:42  Marine x5, Command Center  
  155  11:46  Medivac x2  
  164  11:47  Marine x3  
  164  11:48  Marine x2  
  169  11:59  Marine x2, Barracks Reactor, Command Center  
  169  12:00  Marine x2, Barracks Reactor  
  173  12:04  Barracks  
  170  12:10  Marine x5  
  170  12:11  Marine  
  173  12:16  Medivac x2  
  173  12:17  Siege Tank  
  178  12:23  Marine x4  
  178  12:28  Marine x5  
  178  12:29  Marine, Siege Tank  
  190  12:36  Marine  
  191  12:41  Marine x2  
  191  12:42  Marine x5  
  175  12:46  Marine x4  
  175  12:49  Siege Tank  
  164  12:51  Marine x2  
  164  12:54  Marine  
  167  12:59  Marine x2  
  167  13:01  Siege Tank  
  167  13:04  Medivac x2  
  167  13:05  Marine  
  176  13:10  Marine  
  176  13:11  Marine x3  
  176  13:12  Marine x2  
  179  13:18  Orbital Command  
  179  13:19  SCV  
  181  13:20  SCV  
  181  13:21  SCV, Siege Tank  
  181  13:25  SCV  
  187  13:31  SCV  
  187  13:34  Medivac x2  
  192  13:41  Barracks Reactor  
  192  13:53  Siege Tank  
  195  13:58  Marine x11  
  195  14:01  Siege Tank  
  198  14:04  Marine  
  198  14:07  Marine x2  
  188  14:16  Marine x9  
  180  14:17  Marine x2  
  180  14:20  Marine x2, Starport  
  180  14:21  Planetary Fortress  
  180  14:22  Starport, Marine  
  185  14:24  Marine  
  185  14:25  Marine, Siege Tank  
  190  14:33  Marine, Siege Tank  
  190  14:34  Marine x6  
  190  14:38  Viking x2  
  190  14:49  Marine  
  191  14:58  Siege Tank  
  183  15:01  Marine x9  
  183  15:05  Siege Tank  
  181  15:08  Viking x2  
  181  15:10  Viking  
  181  15:13  Viking  
  180  15:30  Siege Tank  
  180  15:34  Terran Vehicle And Ship Armor Level 1  
  183  15:38  Viking x2  
  183  15:40  Missile Turret  
  183  15:41  Missile Turret  
  187  15:45  Viking x2  
  190  15:51  Refinery  
  190  15:52  Refinery  
  190  15:54  Refinery  
  190  15:56  Refinery  
  187  15:57  Marine x2  
  187  16:08  Viking  
  187  16:09  Marine  
  187  16:10  Marine x2  
  187  16:15  Marine x3  
  187  16:17  Marine x3, Siege Tank  
  146  16:18  Marine  
  146  16:19  Marine x6  
  146  16:20  Viking  
  146  16:24  Viking  
  146  16:25  Viking  
  132  16:27  Marine x2  
  132  16:28  Marine  
  132  16:33  Marine x3  
  132  16:35  Marine x3, Siege Tank  
  132  16:36  Marine x2  
  132  16:37  Marine  
  140  16:41  Viking  
  140  16:46  Marine  
  140  16:47  Marine x2  
  137  16:48  Marine  
  137  16:49  Siege Tank  
  133  16:59  Medivac x2  
  127  17:02  Marine x4  
  127  17:06  Marine x2  
  127  17:07  Siege Tank  
  136  17:17  Viking  
  136  17:20  Viking  
  118  17:26  Marine  
  118  17:29  Marine  
  87  17:30  Marine x4  
  87  17:35  Marine x3  
  94  17:40  Siege Tank  
  97  17:44  Siege Tank  
  97  17:46  Marine x2  
  95  18:00  Viking x2  
  95  18:05  Marine x4  
  89  18:06  Marine  
  89  18:10  Marine  
  89  18:12  Siege Tank  
  95  18:14  Marine x3  
  95  18:15  Marine  
  95  18:18  Marine  
  99  18:20  Marine  
  99  18:23  Marine x2  
  97  18:36  Siege Tank  
  101  18:44  Viking x2  
  101  18:50  Viking  
  103  19:03  Viking  
  103  19:06  Marine x2  
  107  19:13  Marine x3  
  110  19:20  Marine x4  
  110  19:22  Marine  
  109  19:30  Medivac  
  109  19:31  Marine x3  
  111  19:34  Marine x2  
  115  19:53  Medivac x2  
  116  20:00  Siege Tank  
  116  20:04  Marine  
  119  20:09  Viking  
  111  20:17  Viking  
  102  20:24  Marine x8  
  103  20:32  Marine  
  83  20:47  Marine  
Tags
 
Add a new tag
Caveats
  • Supply blocks, unpowered buildings, or Contaminate may cause inaccurate times.
  • Supply counts are checked every 10 seconds.